 Dungeon Crawl Stone Soup version 0.27-a0-460-g297a19dbdb (webtiles) character file.

Game seed: 2836372821588863289

3197 sanka the Martial Artist (level 9, -5/67 HPs)
             Began as a Vampire Transmuter on Feb 27, 2021.
             Was a Priest of Okawaru.
             Killed from afar by an efreet (31 damage)
             ... with a fireball
             ... on level 8 of the Dungeon on Feb 28, 2021.
             The game lasted 00:19:15 (8592 turns).

sanka the Martial Artist (Vampire Transmuter)       Turns: 8592, Time: 00:19:16

Health: -5/67      AC:  2    Str:  9    XL:     9   Next: 64%
Magic:  0/12       EV: 35    Int: 15    God:    Okawaru [***...]
Gold:   489        SH:  0    Dex: 23    Spells: 6/12 levels left

rFire    . . .     SeeInvis +     - Unarmed
rCold    . . .     Faith    .   (shield currently unavailable)
rNeg     . . .     Spirit   +   (armour currently unavailable)
rPois    x         Reflect  .   (helmet currently unavailable)
rElec    .         Harm     .   (cloak currently unavailable)
rCorr    .         Rampage  .   (gloves currently unavailable)
Will     .....                  (boots currently unavailable)
Stlth    +++.......             j - amulet of guardian spirit
HPRegen  0.41/turn              (no ring)
MPRegen  0.13/turn              s - ring of wizardry

@: spider-form, heroism, regenerating quickly
A: tiny, see invisible
a: Exsanguinate, End Transformation, Renounce Religion, Heroism


You were on level 8 of the Dungeon.
You worshipped Okawaru.
Okawaru was most pleased with you.
You were a venomous arachnid creature.
You visited 2 branches of the dungeon, and saw 9 of its levels.

You collected 613 gold pieces.
You spent 124 gold pieces at shops.


Innate Abilities, Weirdness & Mutations

Your natural rate of healing is unusually fast.
((You have razor-sharp teeth.))
You have supernaturally acute eyesight. (SInv)
((You can survive without breathing.))


   Skills:
 + Level 4.8(9.8) Fighting
 + Level 6.1(11.1) Dodging
 * Level 9.2(14.2) Unarmed Combat
 - Level 2.0 Spellcasting
 - Level 6.0 Transmutations
 - Level 4.0 Poison Magic
 - Level 4.0 Invocations


You had 6 spell levels left.
You knew the following spells:

 Your Spells              Type           Power        Failure   Level
x - Beastly Appendage     Tmut           38%          3%          1
y - Wereblood             Tmut           19%          4%          2
z - Spider Form           Tmut/Pois      8%           9%          3

Your spell library contained the following spells:

 Spells                   Type           Power        Failure   Level
 Magic Dart               Conj           4%           19%         1
 Searing Ray              Conj           2%           26%         2
 Blade Hands              Tmut           9%           34%         5
 Dazzling Flash           Conj/Hex       2%           41%         3
 Ice Form                 Ice/Tmut       10%          41%         4
 Fulminant Prism          Conj/Hex       0%           77%         4
 Iskenderun's Mystic Bla  Conj/Tloc      1%           77%         4

Inventory:

Hand Weapons
 f - a +1 dagger of draining (melded)
Missiles
 n - 2 throwing nets {=f}
Armour
 a - a +0 robe (melded)
 d - a +0 cloak (melded)
 o - a +2 hat
Jewellery
 j - an amulet of guardian spirit (around neck)
 s - a ring of wizardry (right front leg)
Scrolls
 e - 6 scrolls of teleportation {@r4}
 g - 3 scrolls of amnesia
 i - 2 scrolls of blinking
 k - 2 scrolls of enchant armour
 l - 2 scrolls of immolation {!r}
 p - 3 scrolls of enchant weapon
 r - a scroll of blinking
 t - 2 scrolls of fear
 w - 2 scrolls of fog
Potions
 b - 6 potions of curing {@q1}
 h - 2 potions of mutation {!q}
 m - 2 potions of haste {@q3}
 q - 2 potions of might
 u - a potion of brilliance
 x - a potion of lignification {unknown}
 z - a potion of berserk rage {!q}

Dungeon Overview and Level Annotations

Branches:
Dungeon (8/15)             Temple (1/1) D:4
   Lair: D:8-11

Altars:
Ashenzari
Cheibriados
Dithmenos
Elyvilon
Fedhas
Gozag
Hepliaklqana
Kikubaaqudgha
Makhleb
Nemelex Xobeh
Okawaru
Sif Muna
Trog
Uskayaw
Vehumet
Wu Jian
Xom
Yredelemnul
Zin
The Shining One

Shops:
D:5 (** D:7

[ S▒ ▒▒..▒ ▒. ▒s s.
▒Z.. ▒. ▒. ..▒▒oF.
▒. ▒. .▒...▒ ▒. ▒°
....▒ ▒. ▒R .o.▒ ▒▒
▒§ ▒..▒▒
▒.▒▒▒▒▒▒▒▒...▒▒▒.▒
▒.Rs)†........▒..▒▒▒
▒▒▒▒▒.............▒.
▒▒......▒.......
▒.....▒▒▒...... .▒▒
▒▒...▒▒▒▒......
.....▒▒.▒▒.▒▒....<.
..................▒
.........▒▒▒.......
...(.▒..▒▒▒▒▒......


You could see an efreet (extremely poisoned).


Message History

* * * LOW HITPOINT WARNING * * *
You feel sick. The efreet misses you.
Items here: )) [ ††.
You hit the efreet.
The efreet is lightly wounded.
You feel like a meek peon again.
You feel sick.
You feel sick. The efreet completely misses you.
Use which ability? (? or * to list)
You gain the combat prowess of a mighty hero.
You feel sick. The efreet completely misses you.
You hit the efreet but do no damage.
The efreet is poisoned.
The efreet is lightly wounded.
You feel sick.
The efreet hits you with a +2 scimitar of flaming!
* * * LOW HITPOINT WARNING * * *
The efreet burns you.
* * * LOW HITPOINT WARNING * * *
The efreet completely misses you.
You bite the efreet!
The efreet looks as sick as possible!
The efreet is heavily wounded.
The efreet gestures at you.
The fireball explodes!
The fireball engulfs you!!
You die...

Action                   |  1- 3 |  4- 6 |  7- 9 || total
-------------------------+-------+-------+-------++-------
Melee: Unarmed           |    96 |    71 |   336 ||   503
       Kick              |    14 |    17 |       ||    31
       Headbutt          |    11 |    21 |       ||    32
       Bite              |    10 |     8 |     1 ||    19
       Punch             |     1 |     3 |       ||     4
       Dagger            |    18 |   116 |     8 ||   142
 Cast: Beastly Appendage |    19 |    32 |       ||    51
       Spider Form       |       |    12 |    42 ||    54
Invok: Heroism           |       |       |    10 ||    10
  Use: Scroll            |       |       |    13 ||    13
       Potion            |       |       |     3 ||     3
 Stab: Sleeping          |       |     2 |     1 ||     3
Armor: Robe              |    27 |    23 |     2 ||    52
       Skin              |       |     2 |     6 ||     8
Dodge: Dodged            |    60 |   130 |   290 ||   480

Levels and vault maps discovered:
D:1:      onia_arrival_pyramid, layout_basic, minmay_worlds_worst_comb
D:2:      layout_rooms, minmay_misc_feat_plants, minmay_tall_x
D:3:      layout_basic
D:4:      layout_basic, nicolae_overflow_crystal_walls,
          minmay_temple_entry_crystal_x
D:5:      layout_layer_cave, overflow_temple_1_default, serial_shops,
          nicolae_shop_crystal, shop, shop, kennysheep_generic_room_14
D:6:      layout_loops_cross, lemuel_old_faithful, uniq_edmund
D:7:      layout_basic, serial_shops, shop
D:8:      layout_cave_pools, lemuel_doored_altar, minitemple,
          nicolae_overflow_hidden_temple, slow_altar_2, minmay_manual_moon
Temple:   jpeg_temple_island

Notes
Turn   | Place    | Note
-------+----------+-------------------------------------------
     0 | D:1      | sanka the Vampire Transmuter began the quest for the Orb.
     0 | D:1      | Reached XP level 1. HP: 14/14 MP: 3/3
    21 | D:1      | Reached skill level 1 in Fighting
   341 | D:1      | Reached XP level 2. HP: 21/21 MP: 3/5
   378 | D:1      | Reached skill level 4 in Unarmed Combat
   678 | D:1      | Reached skill level 1 in Poison Magic
   751 | D:1      | Reached XP level 3. HP: 26/26 MP: 4/6
   782 | D:1      | Learned a level 2 spell: Wereblood
   786 | D:1      | Learned a level 3 spell: Spider Form
  1224 | D:2      | Reached skill level 3 in Transmutations
  1286 | D:2      | Reached XP level 4. HP: 30/32 MP: 5/7
  1430 | D:2      | Reached skill level 2 in Poison Magic
  2196 | D:3      | Reached skill level 4 in Transmutations
  2196 | D:3      | Reached XP level 5. HP: 29/37 MP: 2/8
  2637 | D:3      | Reached skill level 3 in Poison Magic
  3288 | D:4      | Reached skill level 5 in Transmutations
  3288 | D:4      | Reached XP level 6. HP: 36/43 MP: 5/9
  3555 | D:4      | Upgraded the game from 0.27-a0-448-gace5c5693b to
                  | 0.27-a0-460-g297a19dbdb
  3590 | D:4      | Found a staircase to the Ecumenical Temple.
  3604 | Temple   | Entered the Ecumenical Temple
  3660 | Temple   | Became a worshipper of Warmaster Okawaru
  3888 | D:4      | Found a sparkling altar of Nemelex Xobeh.
  4145 | D:4      | Reached skill level 6 in Transmutations
  4145 | D:4      | Reached skill level 4 in Poison Magic
  4336 | D:4      | Reached XP level 7. HP: 48/48 MP: 6/10
  4439 | D:5      | Entered Level 5 of the Dungeon
  4459 | D:4      | Reached * piety under Okawaru
  4470 | D:4      | Reached skill level 1 in Invocations
  4833 | D:5      | Found Docewn's Antique Weapon Shop.
  4910 | D:5      | Reached skill level 3 in Dodging
  4910 | D:5      | Reached skill level 5 in Unarmed Combat
  4968 | D:5      | Found Wipolenn's General Store.
  4978 | D:5      | Bought a scroll of blinking for 75 gold pieces
  5036 | D:5      | Reached skill level 2 in Fighting
  5402 | D:4      | Reached skill level 2 in Invocations
  5402 | D:4      | Reached XP level 8. HP: 29/57 MP: 2/11
  5826 | D:5      | Found a basalt altar of Yredelemnul.
  5839 | D:5      | Found Atucwuh's General Store.
  5844 | D:5      | Bought a scroll of fear for 49 gold pieces
  6194 | D:6      | Noticed Edmund
  6195 | D:6      | Reached skill level 6 in Unarmed Combat
  6206 | D:6      | Killed Edmund
  6207 | D:6      | Reached skill level 4 in Dodging
  6292 | D:6      | Reached ** piety under Okawaru
  6293 | D:6      | Reached skill level 3 in Fighting
  6347 | D:6      | Reached skill level 3 in Invocations
  6625 | D:6      | Reached skill level 7 in Unarmed Combat
  7109 | D:7      | Reached XP level 9. HP: 60/65 MP: 7/12
  7113 | D:7      | Reached skill level 5 in Dodging
  7277 | D:7      | Reached skill level 8 in Unarmed Combat
  7282 | D:7      | Reached skill level 4 in Fighting
  7375 | D:7      | Found Jylu's Antique Armour Boutique.
  8001 | D:8      | Reached *** piety under Okawaru
  8076 | D:8      | Found a snail-covered altar of Cheibriados.
  8089 | D:8      | Reached skill level 4 in Invocations
  8488 | D:8      | Found a burning altar of Makhleb.
  8489 | D:8      | Found an ornate altar of the Wu Jian Council.
  8495 | D:8      | Found a blossoming altar of Fedhas.
  8495 | D:8      | Found a shimmering blue altar of Sif Muna.
  8497 | D:8      | Found an ancient bone altar of Kikubaaqudgha.
  8499 | D:8      | Found a hide-covered altar of Uskayaw.
  8500 | D:8      | Found a bloodstained altar of Trog.
  8519 | D:8      | Found a glowing silver altar of Zin.
  8561 | D:8      | Noticed an efreet
  8574 | D:8      | Reached skill level 6 in Dodging
  8574 | D:8      | Reached skill level 9 in Unarmed Combat
  8592 | D:8      | Killed from afar by an efreet

Vanquished Creatures
  Edmund (D:6)
  2 water moccasins (D:8)
  An ice beast (D:5)
  An orc warrior (D:8)
  A black bear (D:6)
  5 ogres
  A centaur (D:6)
  A phantom (D:6)
  3 bullfrogs
  A gnoll sergeant (D:8)
  3 scorpions
  4 wights (D:7)
  6 howler monkeys
  4 bullfrog zombies
  4 hounds
  A jelly (D:6)
  6 orc priests
  2 iguanas (D:7)
  10 orc wizards
  5 worker ants
  A mummy (D:8)
  A hound skeleton (D:7)
  A howler monkey zombie (D:5)
  13 adders
  3 gnolls (D:8)
  3 shadow imps
  2 white imps
  2 ufetubi
  A worm (D:4)
  2 dart slugs
  7 leopard geckos
  31 orcs
  3 ball pythons
  6 giant cockroaches
  10 goblins
  4 hobgoblins (D:1)
  17 jackals
  3 quokkas
  7 bats
  5 frilled lizards
  11 kobolds
  7 rats
202 creatures vanquished.
